Map: Prion Terraces

Players

AcerBly (Bly) - Winner!

  • Race: Zerg Zerg
  • League: Grandmaster

Senin

  • Race: Zerg Zerg
  • League: Grandmaster

Event: Gauntlet LotV Series 1 Qualifier 2

VOD

Have the link to the VOD?

Description

Time

  • Played on: Dec. 5, 2015, 3:48 p.m.
  • Length: 9:29

All games in this series

Show
View Real Time Build Order
Export as new Build Order

AcerBly Zerg - Winner!

Build Orders: Pool First, Zergling Baneling 

Get SALT Encoding   

  12  0:01  Drone  
  13  0:11  Drone  
  13  0:13  Extractor  
  13  0:28  Spawning Pool  
  12  0:32  Drone  
  13  0:38  Drone  
  14  0:43  Extractor  
  14  0:44  Drone  
  15  0:54  Overlord  
  15  1:15  Queen  
  15  1:16  Metabolic Boost  
  17  1:19  Zergling x2  
  17  1:24  Zergling x2  
  19  1:28  Zergling x2  
  20  1:37  Baneling Nest  
  19  1:41  Zergling x2  
  19  1:45  Zergling x2  
  21  1:58  Overlord  
  21  2:05  Zergling x2  
  22  2:23  Baneling x3  
  22  2:24  Zergling x8  
  22  2:26  Zergling x2  
  27  2:33  Baneling  
  27  2:38  Zergling x2  
  28  2:46  Baneling  
  28  2:55  Zergling x4  
  28  2:57  Overlord  
  29  3:09  Zergling x4  
  25  3:21  Zergling x2  
  26  3:33  Zergling x8  
  29  3:47  Hatchery  
  28  3:54  Drone  
  28  4:03  Baneling x2  
  28  4:07  Drone  
  28  4:08  Drone  
  30  4:13  Drone  
  27  4:31  Baneling  
  27  4:32  Zergling x2  
  27  4:33  Zergling x4  
  26  4:47  Drone x3  
  25  4:57  Zergling x2  
  25  4:58  Queen  
  28  5:00  Queen  
  28  5:04  Zergling x2  
  31  5:10  Zergling x4  
  32  5:26  Drone x3  
  32  5:27  Drone x2  
  35  5:33  Drone  
  36  5:40  Drone x3  
  39  5:51  Drone x2  
  41  6:01  Drone x2  
  41  6:02  Extractor  
  43  6:04  Drone, Roach Warren  
  41  6:13  Overlord  
  41  6:25  Drone x3  
  44  6:27  Overlord x2  
  44  6:47  Drone x2  
  44  6:48  Drone x2  
  44  6:49  Roach  
  44  6:50  Roach x2  
  44  6:51  Roach  
  56  6:56  Roach x2  
  56  6:59  Hatchery  
  59  7:02  Roach x2  
  63  7:10  Overlord  
  63  7:16  Ravager x4  
  63  7:17  Overlord  
  67  7:25  Overlord  
  67  7:35  Roach  
  67  7:36  Roach x4  
  77  7:43  Roach x3  
  83  7:52  Roach x4  
  83  7:54  Overlord x2  
  89  7:59  Baneling  
  89  8:04  Overlord  
  89  8:11  Zergling x2  
  89  8:12  Zergling x2  
  91  8:17  Overlord  
  91  8:24  Zergling x2  
  91  8:25  Zergling x14  
  99  8:35  Zergling x6  
  99  8:37  Ravager x3  
  99  8:38  Overlord  
  99  8:40  Baneling x2  
  105  8:44  Zergling x4  
  102  9:04  Roach x6  
  102  9:08  Zergling x10  
Show
View Real Time Build Order
Export as new Build Order

Senin Zerg 

Build Orders: Pool First 

Get SALT Encoding   

  12  0:00  Drone  
  13  0:12  Overlord  
  13  0:18  Drone  
  14  0:30  Drone  
  14  0:31  Drone  
  14  0:35  Drone  
  17  0:45  Spawning Pool  
  17  0:47  Drone  
  17  0:56  Drone  
  18  1:12  Hatchery  
  18  1:16  Drone  
  18  1:32  Zergling x2, Queen  
  21  1:33  Zergling x2  
  21  1:38  Overlord  
  22  1:55  Extractor  
  22  1:57  Drone  
  22  2:02  Drone  
  22  2:07  Queen  
  25  2:11  Drone  
  25  2:12  Spine Crawler  
  25  2:22  Drone  
  26  2:23  Queen  
  26  2:26  Zergling x2  
  29  2:33  Spine Crawler  
  29  2:34  Zergling x2  
  29  2:42  Zergling x8  
  32  2:50  Overlord  
  31  3:00  Queen  
  32  3:09  Zergling x4  
  28  3:18  Queen  
  28  3:21  Zergling x2  
  28  3:23  Zergling x2  
  28  3:26  Zergling x2  
  29  3:31  Zergling x2  
  27  3:47  Drone x4  
  29  3:57  Queen  
  29  4:02  Roach Warren  
  28  4:11  Overlord  
  28  4:16  Zergling x6  
  27  4:39  Drone x2  
  24  4:56  Roach  
  26  5:02  Roach  
  28  5:08  Roach  
  28  5:12  Roach  
  30  5:36  Hatchery  
  30  5:42  Evolution Chamber, Drone  
  29  5:46  Drone  
  29  5:48  Drone  
  31  5:51  Drone  
  31  5:54  Drone  
  33  5:58  Ravager  
  33  5:59  Ravager x2  
  33  6:03  Drone  
  37  6:04  Drone  
  38  6:17  Overlord  
  38  6:18  Drone  
  38  6:19  Drone  
  38  6:22  Drone  
  38  6:24  Drone  
  42  6:30  Drone  
  43  6:38  Drone  
  44  6:47  Queen  
  44  6:48  Overlord  
  44  6:49  Overlord  
  46  6:55  Zerg Missile Weapons Level 1  
  46  6:58  Drone x2  
  46  6:59  Extractor  
  46  7:00  Drone  
  48  7:04  Drone  
  48  7:08  Drone  
  50  7:12  Roach  
  52  7:23  Drone x2  
  52  7:25  Drone x2  
  52  7:26  Roach  
  58  7:31  Roach  
  58  7:36  Roach  
  58  7:37  Hatchery  
  61  7:43  Drone x2, Extractor  
  62  7:48  Lair  
  62  7:53  Overlord  
  62  7:54  Overlord  
  62  7:56  Overlord  
  64  8:13  Roach x6  
  74  8:24  Roach x2  
  78  8:32  Roach  
  78  8:33  Roach  
  82  8:36  Overlord x2  
  82  8:39  Roach  
  84  8:41  Overlord  
  84  8:51  Roach x2  
  84  8:52  Roach  
  84  8:55  Roach  
  82  9:05  Roach x4  
Tags
 
Add a new tag
Caveats
  • Supply blocks, unpowered buildings, or Contaminate may cause inaccurate times.
  • Supply counts are checked every 10 seconds.